Thunderbirds vs Devils
Created - Wednesday, January 22, 2025 at 21:40
Goals
|
Thunderbirds |
0 |
0 |
3 |
3 |
Devils |
0 |
1 |
0 |
1 |
|
Shots
|
Thunderbirds |
4 |
5 |
6 |
15 |
Devils |
6 |
20 |
9 |
35 |
|
1st period
No Goal
Penalties :
Christian Wolanin (BIN) for Holding (Minor) at 0:41, AJ Greer (SPR) for High sticking (Minor) at 9:41, Calen Addison (BIN) for High sticking (Minor) at 18:06, Christian Wolanin (BIN) for High sticking (Minor) at 18:42
2nd period
1. Devils , Alex Limoges 14 (Cole Schwindt 14, Arshdeep Bains 22) at 1:16 (PP)
Penalties :
AJ Greer (SPR) for Interference (Minor) at 1:08, Mark Kastelic (BIN) for Slashing (Minor) at 3:20, Mark Kastelic (BIN) for Roughing (Minor) at 5:46, Vincent Iorio (SPR) for Hooking (Minor) at 6:13, Calen Addison (BIN) for Roughing (Minor) at 8:51, Lukas Reichel (SPR) for Tripping (Minor) at 10:14, Adam Erne (BIN) for Tripping (Minor) at 13:31, James Malatesta (SPR) for Roughing (Minor) at 13:31, Uvis Balinskis (SPR) for Cross-checking (Minor) at 18:14
3rd period
2. Thunderbirds , Lukas Reichel 13 (AJ Greer 20, Adam Wilsby 14) at 1:37
3. Thunderbirds , James Malatesta 15 (Artyom Anisimov 20, Adam Wilsby 15) at 19:01 (PP)
4. Thunderbirds , Lukas Rousek 1 (Jasper Weatherby 2) at 19:48 (Empty Net)
Penalties :
Matt Luff (BIN) for Slashing (Minor) at 7:28, Alex Limoges (BIN) for Tripping (Minor) at 12:05, Kale Clague (BIN) for Delaying the game (Minor) at 18:37
Goalie Stats
Clay Stevenson (SPR), 34 saves from 35 shots - (0.971), W, 16-10-2, 60:00 minutes
Joel Blomqvist (BIN), 12 saves from 14 shots - (0.857), L, 25-17-3, 59:34 minutes
Players Stats for Thunderbirds
Player Name G A P +/- PIM S H SB GA TA FO MP PP MP PK MP
------------------------------------------------------------------------------------
Adam Wilsby 0 2 2 2 0 0 0 2 0 0 0/0 24:24 7:06 2:40
AJ Greer 0 1 1 1 4 0 2 0 0 0 2/2 22:26 4:58 1:31
Artyom Anisimov 0 1 1 0 0 0 0 0 0 0 5/18 19:27 5:57 1:39
Gabriel Fortier 0 0 0 0 0 0 0 0 0 0 1/1 14:55 1:05 0:45
Hugh McGing 0 0 0 0 0 2 0 0 0 0 16/34 20:42 7:16 0:00
Jackson Cates 0 0 0 0 0 0 1 0 0 0 1/2 13:27 0:00 0:51
Jacob Lucchini 0 0 0 1 0 0 0 0 0 0 0/0 20:33 4:59 1:40
James Malatesta 1 0 1 1 2 2 4 0 0 0 1/5 20:32 6:42 2:07
Jasper Weatherby 0 1 1 1 0 0 2 0 0 0 2/6 5:47 0:30 2:38
John Farinacci 0 0 0 0 0 0 0 0 0 0 0/0 0:00 0:00 0:00
Lukas Reichel 1 0 1 1 2 6 0 0 0 0 6/15 18:59 4:58 0:41
Lukas Rousek 1 0 1 1 0 1 0 0 0 0 0/0 2:36 1:49 0:00
Marc Del Gaizo 0 0 0 0 0 0 1 0 0 0 0/0 15:12 0:23 0:27
Oliver Kylington 0 0 0 0 0 0 3 3 0 0 0/0 21:02 5:16 3:27
Peetro Seppala 0 0 0 0 0 0 0 0 0 0 0/0 16:02 0:23 1:17
Tyson Jost 0 0 0 0 0 2 0 0 0 0 1/1 10:29 0:00 0:00
Uvis Balinskis 0 0 0 0 2 0 2 2 0 0 0/0 19:38 5:16 2:04
Vincent Iorio 0 0 0 2 2 2 5 2 0 0 0/0 23:40 7:05 1:57
Players Stats for Devils
Player Name G A P +/- PIM S H SB GA TA FO MP PP MP PK MP
------------------------------------------------------------------------------------
Adam Erne 0 0 0 -1 2 0 2 0 0 0 3/5 16:57 1:42 6:51
Alex Limoges 1 0 1 -1 2 3 3 1 0 0 17/23 21:04 3:47 3:55
Arshdeep Bains 0 1 1 -1 0 4 0 0 0 0 0/0 22:24 3:47 4:27
Bobby Brink 0 0 0 -1 0 2 0 0 0 0 1/4 12:41 0:00 0:00
Calen Addison 0 0 0 -2 4 6 2 1 0 0 0/0 23:29 3:16 5:14
Christian Wolanin 0 0 0 0 4 2 4 0 0 0 0/0 20:05 2:40 4:20
Cole Schwindt 0 1 1 -1 0 2 5 0 0 0 8/19 16:23 3:47 3:22
Connor Carrick 0 0 0 0 0 0 0 1 0 0 0/0 21:00 2:40 5:51
Jakob Pelletier 0 0 0 0 0 1 0 0 0 0 0/0 12:16 2:09 0:00
Jimmy Huntington 0 0 0 0 0 3 0 0 0 0 6/10 7:17 0:00 0:00
Kale Clague 0 0 0 0 2 0 1 2 0 0 0/0 14:50 0:00 2:15
Mark Kastelic 0 0 0 0 4 2 1 0 0 0 13/21 18:04 1:59 4:29
Matt Luff 0 0 0 -1 2 4 1 0 0 0 0/0 14:23 0:00 0:00
Nathan Smith 0 0 0 0 0 0 0 0 0 0 0/1 1:03 0:00 1:03
Nick DeSimone 0 0 0 0 0 1 2 1 0 0 0/0 14:50 0:00 1:01
Sebastian AhoD 0 0 0 -2 0 0 0 3 0 0 0/0 25:41 3:16 6:48
William Lockwood 0 0 0 0 0 1 0 0 0 0 1/1 1:44 0:37 0:00
Zach Aston-Reese 0 0 0 0 0 4 1 0 0 0 0/0 17:24 0:00 0:00
3 Stars
1 - Clay Stevenson (SPR)
2 - Adam Wilsby (SPR)
3 - James Malatesta (SPR)
Power Play
Thunderbirds - 1 on 9 Attempt(s) - 11.11%
Devils - 1 on 5 Attempt(s) - 20.00%
Penalty Kill
Thunderbirds - 4 on 5 Attempt(s) - 80.00%
- Score 0 goal in Penalty Kill
Devils - 8 on 9 Attempt(s) - 88.89%
- Score 0 goal in Penalty Kill
Team Stat
Thunderbirds - Hits : 20 - Faceoff Wins : 35 - Blocked Shots : 9 - Penalty Minutes : 12
Devils - Hits : 22 - Faceoff Wins : 49 - Blocked Shots : 9 - Penalty Minutes : 20
Official
Referees : Chris Lee and Peter Macdougall
Linesman : Libor Suchanek and Derek Nansen
Game Notes
Lukas Rousek has scored in a empty net!
Finance
Level 1 -- Attendance: 1932 (96.60%) -- Ticket Income $67,620
Level 2 -- Attendance: 861 (86.10%) -- Ticket Income $12,915
Total Attendance: 2793 (93.10%)
Total Ticket Income: $80,535
Other Income: $39,462
Total Income: $119,997
Thunderbirds
5 vs 5 Forward
Center Left Wing Right Wing Time % Phy DF OF
1 Lukas Reichel AJ Greer Jacob Lucchini 25 1 2 2
2 Hugh McGing James Malatesta Tyson Jost 25 1 2 2
3 Artyom Anisimov Gabriel Fortier Jackson Cates 25 1 2 2
4 Jackson Cates AJ Greer James Malatesta 25 1 2 2
5 vs 5 Defense
Defense Defense Time % Phy DF OF
1 Vincent Iorio Adam Wilsby 25 1 2 2
2 Oliver Kylington Uvis Balinskis 25 1 2 2
3 Marc Del Gaizo Peetro Seppala 25 1 2 2
4 Vincent Iorio Adam Wilsby 25 1 2 2
PowerPlay Forward
Center Left Wing Right Wing Time % Phy DF OF
1 Lukas Reichel AJ Greer Jacob Lucchini 60 1 2 2
2 Hugh McGing James Malatesta Artyom Anisimov 40 1 2 2
PowerPlay Defense
Defense Defense Time % Phy DF OF
1 Vincent Iorio Adam Wilsby 60 1 2 2
2 Oliver Kylington Uvis Balinskis 40 1 2 2
Penalty Kill 4 Players Forward
Center Wing Time % Phy DF OF
1 Artyom Anisimov AJ Greer 60 1 2 2
2 James Malatesta Jacob Lucchini 40 1 2 2
Penalty Kill 4 Players Defense
Defense Defense Time % Phy DF OF
1 Vincent Iorio Adam Wilsby 60 1 2 2
2 Uvis Balinskis Oliver Kylington 40 1 2 2
Penalty Kill - 3 Players Forward
Forward Time % Phy DF OF
1 Jacob Lucchini 60 1 2 2
2 AJ Greer 40 1 2 2
Penalty Kill - 3 Players Defense
Defense Defense Time % Phy DF OF
1 Vincent Iorio Adam Wilsby 60 1 2 2
2 Peetro Seppala Marc Del Gaizo 40 1 2 2
4 vs 4 Forward
Center Wing Time % Phy DF OF
1 Hugh McGing AJ Greer 60 1 2 2
2 James Malatesta Jacob Lucchini 40 1 2 2
4 vs 4 Defense
Defense Defense Time % Phy DF OF
1 Vincent Iorio Adam Wilsby 60 1 2 2
2 Marc Del Gaizo Peetro Seppala 40 1 2 2
Last Minutes Offensive
Center Left Wing Right Wing Defense Defense
Lukas Reichel AJ Greer Jacob Lucchini Vincent Iorio Adam Wilsby
Last Minutes Defensive
Center Left Wing Right Wing Defense Defense
Lukas Reichel AJ Greer Jacob Lucchini Vincent Iorio Adam Wilsby
Goaltenders
Starting : Clay Stevenson
Backup : Scott Wedgewood
Extra Forwards
Normal : AJ Greer, James Malatesta, Artyom Anisimov - PP : AJ Greer, Jacob Lucchini - PK : Artyom Anisimov
Extra Defensemen
Normal : Adam Wilsby, Vincent Iorio, Oliver Kylington - PP : Adam Wilsby - PK : Adam Wilsby, Vincent Iorio
Penalty Shots
Lukas Reichel, AJ Greer, James Malatesta, Jacob Lucchini, Hugh McGing
Custom OT Lines Forwards
Lukas Reichel, AJ Greer, James Malatesta, Jacob Lucchini, Hugh McGing, Artyom Anisimov, Jackson Cates, Gabriel Fortier, Tyson Jost, Jasper Weatherby
Custom OT Lines Defensemen
Vincent Iorio, Adam Wilsby, Oliver Kylington, Uvis Balinskis, Marc Del Gaizo
Scratches
Xavier Simoneau (Healthy), Ilya Usov (Healthy), Albert Johansson (Healthy), Henrik Rybinski (Healthy), Adam Raska (Healthy)
Samuel Knazko (Healthy), Nicolas Beaudin (Healthy), Artyom Grushnikov (Healthy), Topias Vilen (Healthy), Jack Matier (Healthy)
Dmitri Kuzmin (Left Hip Injury), Nikita Novikov (Healthy), Jordy Bellerive (Healthy), Filip Engaras (Healthy), Cam Morrison (Healthy)
Chase Wheatcroft (Healthy), Jalen Luypen (Healthy), Jacob Gaucher (Healthy), Domenick Fensore (Healthy), Shakir Mukhamadullin (Healthy)
Curtis Hall (Healthy), Nathan Legare (Healthy), Hunter McKown (Healthy), Donovan Sebrango (Healthy), Colton Poolman (Healthy)
Mitchell Gibson (Healthy), Keith Petruzzelli (Healthy), Isaiah Saville (Healthy)
Devils
5 vs 5 Forward
Center Left Wing Right Wing Time % Phy DF OF
1 Alex Limoges Arshdeep Bains Bobby Brink 25 1 2 2
2 Mark Kastelic Jakob Pelletier Zach Aston-Reese 25 1 2 2
3 Cole Schwindt Matt Luff Adam Erne 25 1 2 2
4 Jimmy Huntington Zach Aston-Reese Matt Luff 25 1 2 2
5 vs 5 Defense
Defense Defense Time % Phy DF OF
1 Calen Addison Sebastian AhoD 25 1 2 2
2 Connor Carrick Christian Wolanin 25 1 2 2
3 Nick DeSimone Kale Clague 25 1 2 2
4 Sebastian AhoD Calen Addison 25 1 2 2
PowerPlay Forward
Center Left Wing Right Wing Time % Phy DF OF
1 Alex Limoges Arshdeep Bains Cole Schwindt 60 1 2 2
2 Mark Kastelic Jakob Pelletier Adam Erne 40 1 2 2
PowerPlay Defense
Defense Defense Time % Phy DF OF
1 Calen Addison Sebastian AhoD 60 1 2 2
2 Connor Carrick Christian Wolanin 40 1 2 2
Penalty Kill 4 Players Forward
Center Wing Time % Phy DF OF
1 Mark Kastelic Adam Erne 60 1 2 2
2 Alex Limoges Arshdeep Bains 40 1 2 2
Penalty Kill 4 Players Defense
Defense Defense Time % Phy DF OF
1 Calen Addison Sebastian AhoD 60 1 2 2
2 Connor Carrick Christian Wolanin 40 1 2 2
Penalty Kill - 3 Players Forward
Forward Time % Phy DF OF
1 Alex Limoges 60 1 2 2
2 Arshdeep Bains 40 1 2 2
Penalty Kill - 3 Players Defense
Defense Defense Time % Phy DF OF
1 Calen Addison Sebastian AhoD 60 1 2 2
2 Connor Carrick Christian Wolanin 40 1 2 2
4 vs 4 Forward
Center Wing Time % Phy DF OF
1 Adam Erne Mark Kastelic 60 1 2 2
2 Alex Limoges Arshdeep Bains 40 1 2 2
4 vs 4 Defense
Defense Defense Time % Phy DF OF
1 Calen Addison Sebastian AhoD 60 1 2 2
2 Connor Carrick Christian Wolanin 40 1 2 2
Last Minutes Offensive
Center Left Wing Right Wing Defense Defense
Alex Limoges Arshdeep Bains Bobby Brink Calen Addison Sebastian AhoD
Last Minutes Defensive
Center Left Wing Right Wing Defense Defense
Alex Limoges Arshdeep Bains Bobby Brink Calen Addison Sebastian AhoD
Goaltenders
Starting : Joel Blomqvist
Backup : Michael DiPietro
Extra Forwards
Normal : William Lockwood, Adam Erne, Cole Schwindt - PP : William Lockwood, Adam Erne - PK : Cole Schwindt
Extra Defensemen
Normal : Nick DeSimone, Kale Clague, Sebastian AhoD - PP : Nick DeSimone - PK : Kale Clague, Calen Addison
Penalty Shots
Cole Schwindt, Adam Erne, Alex Limoges, Arshdeep Bains, Mark Kastelic
Custom OT Lines Forwards
Bobby Brink, William Lockwood, Alex Limoges, Arshdeep Bains, Mark Kastelic, Adam Erne, Matt Luff, Jakob Pelletier, Cole Schwindt, Jimmy Huntington
Custom OT Lines Defensemen
Calen Addison, Sebastian AhoD, Connor Carrick, Christian Wolanin, Nick DeSimone
Scratches
Mitchell Hoelscher (Healthy), Riley Damiani (Healthy), Hardy Haman Aktell (Healthy), Akito Hirose (Healthy), Ondrej Pavel (Healthy)
Ryan McGregor (Healthy), Jagger Joshua (Healthy), Aidan McDonough (Healthy), Greg Meireles (Healthy), Mathias Laferriere (Healthy)
Erik Kallgren (Healthy)
% Time on Ice - Thunderbirds
Lines # - Real PCT - Wanted PCT - Time Play
Normal Forward
1 - 37% - 25% - 13:20
2 - 29% - 25% - 10:29
3 - 33% - 25% - 12:08
4 - 1% - 25% - 0:28
Normal Defense
1 - 16% - 25% - 5:58
2 - 34% - 25% - 12:19
3 - 31% - 25% - 11:14
4 - 19% - 25% - 6:54
PP Forward
1 - 39% - 60% - 4:59
2 - 61% - 40% - 7:46
PP Defense
1 - 59% - 60% - 7:29
2 - 41% - 40% - 5:16
PK Forward
1 - 72% - 60% - 4:16
2 - 28% - 40% - 1:40
PK Defense
1 - 38% - 60% - 2:17
2 - 62% - 40% - 3:39
PK3 Forward
1 - 0% - 60%
2 - 0% - 40%
PK3 Defense
1 - 0% - 60%
2 - 0% - 40%
44 Forward
1 - 86% - 60% - 3:33
2 - 14% - 40% - 0:34
44 Defense
1 - 24% - 60% - 0:59
2 - 76% - 40% - 3:08
Last Minute Offensive - 0:00
Last Minute Defensive - 0:47
Total
Forward - 60:00
Defense - 60:00
|
% Time on Ice - Devils
Lines # - Real PCT - Wanted PCT - Time Play
Normal Forward
1 - 33% - 25% - 11:54
2 - 28% - 25% - 10:07
3 - 20% - 25% - 7:07
4 - 20% - 25% - 7:17
Normal Defense
1 - 19% - 25% - 6:56
2 - 31% - 25% - 11:13
3 - 35% - 25% - 12:36
4 - 16% - 25% - 5:40
PP Forward
1 - 64% - 60% - 3:47
2 - 36% - 40% - 2:09
PP Defense
1 - 55% - 60% - 3:16
2 - 45% - 40% - 2:40
PK Forward
1 - 67% - 60% - 7:40
2 - 33% - 40% - 3:42
PK Defense
1 - 50% - 60% - 5:40
2 - 50% - 40% - 5:42
PK3 Forward
1 - 73% - 60% - 1:01
2 - 27% - 40% - 0:22
PK3 Defense
1 - 100% - 60% - 1:23
2 - 0% - 40% - 0:00
44 Forward
1 - 83% - 60% - 3:25
2 - 17% - 40% - 0:42
44 Defense
1 - 54% - 60% - 2:14
2 - 46% - 40% - 1:53
Last Minute Offensive - 0:47
Last Minute Defensive - 0:00
Total
Forward - 60:00
Defense - 60:00
|
Play-by-Play
1st period
0:01 of 1st period - Lukas Reichel wins face-off versus Alex Limoges in neutral zone.
0:09 of 1st period - AJ Greer is hit by Calen Addison and loses puck.
0:15 of 1st period - AJ Greer is hit by Calen Addison and loses puck.
0:24 of 1st period - Shot by Jacob Lucchini.
0:24 of 1st period - Shot Blocked by Sebastian AhoD.
0:26 of 1st period - Shot by AJ Greer.
0:26 of 1st period - Shot Misses the Net.
0:36 of 1st period - Shot by Lukas Reichel.
0:36 of 1st period - Stopped by Joel Blomqvist without a rebound.
0:37 of 1st period - Hugh McGing wins face-off versus Mark Kastelic in Devils zone.
0:37 of 1st period - Oliver Kylington is hit by Christian Wolanin and loses puck.
0:41 of 1st period - Minor Penalty to Christian Wolanin for Holding.
0:42 of 1st period - Mark Kastelic wins face-off versus James Malatesta in Devils zone.
0:42 of 1st period - Mark Kastelic is hit by James Malatesta.
2:50 of 1st period - Gabriel Fortier is hit by Christian Wolanin and loses puck.
3:06 of 1st period - Jimmy Huntington is hit by Jasper Weatherby and loses puck.
4:27 of 1st period - Shot by Lukas Reichel.
4:27 of 1st period - Stopped by Joel Blomqvist with a rebound.
4:29 of 1st period - Shot by Lukas Reichel.
4:29 of 1st period - Shot Misses the Net.
4:31 of 1st period - Shot by Lukas Reichel.
4:31 of 1st period - Stopped by Joel Blomqvist without a rebound.
4:32 of 1st period - Hugh McGing wins face-off versus Cole Schwindt in Devils zone.
5:45 of 1st period - Bobby Brink is hit by AJ Greer and loses puck.
6:31 of 1st period - Icing by Christian Wolanin.
6:32 of 1st period - Jimmy Huntington wins face-off versus Hugh McGing in Devils zone.
6:37 of 1st period - Tyson Jost is hit by Zach Aston-Reese and loses puck.
6:54 of 1st period - Shot by Zach Aston-Reese.
6:54 of 1st period - Shot Blocked by Uvis Balinskis.
6:56 of 1st period - Shot by Matt Luff.
6:56 of 1st period - Stopped by Clay Stevenson without a rebound.
6:57 of 1st period - Mark Kastelic wins face-off versus Lukas Reichel in Thunderbirds zone.
8:10 of 1st period - Shot by Matt Luff.
8:10 of 1st period - Stopped by Clay Stevenson without a rebound.
8:11 of 1st period - Hugh McGing wins face-off versus Bobby Brink in Thunderbirds zone.
8:13 of 1st period - Icing by James Malatesta.
8:14 of 1st period - Cole Schwindt wins face-off versus Hugh McGing in Thunderbirds zone.
9:05 of 1st period - Shot by Artyom Anisimov.
9:05 of 1st period - Shot Blocked by Alex Limoges.
9:41 of 1st period - Minor Penalty to AJ Greer for High sticking.
9:42 of 1st period - Mark Kastelic wins face-off versus Jasper Weatherby in Thunderbirds zone.
10:57 of 1st period - Jasper Weatherby is hit by Cole Schwindt and loses puck.
11:56 of 1st period - Shot by Lukas Reichel.
11:56 of 1st period - Stopped by Joel Blomqvist without a rebound.
11:57 of 1st period - Jimmy Huntington wins face-off versus Hugh McGing in Devils zone.
12:12 of 1st period - Shot by Zach Aston-Reese.
12:12 of 1st period - Stopped by Clay Stevenson without a rebound.
12:13 of 1st period - Mark Kastelic wins face-off versus Lukas Reichel in Thunderbirds zone.
12:13 of 1st period - Mark Kastelic is hit by Uvis Balinskis.
12:36 of 1st period - Shot by Jakob Pelletier.
12:36 of 1st period - Shot Misses the Net.
13:04 of 1st period - Off-side.
13:05 of 1st period - Tyson Jost wins face-off versus Cole Schwindt in neutral zone.
13:36 of 1st period - Shot by James Malatesta.
13:36 of 1st period - Deflect By Tyson Jost.
13:36 of 1st period - Shot Blocked by Nick DeSimone.
13:47 of 1st period - Icing by Adam Wilsby.
13:48 of 1st period - Alex Limoges wins face-off versus Hugh McGing in Thunderbirds zone.
13:48 of 1st period - Alex Limoges is hit by Vincent Iorio.
14:04 of 1st period - Shot by Bobby Brink.
14:04 of 1st period - Shot Blocked by Adam Wilsby.
14:06 of 1st period - Shot by Alex Limoges.
14:06 of 1st period - Stopped by Clay Stevenson without a rebound.
14:07 of 1st period - Mark Kastelic wins face-off versus Lukas Reichel in Thunderbirds zone.
14:18 of 1st period - Shot by Sebastian AhoD.
14:18 of 1st period - Shot Misses the Net.
15:04 of 1st period - Icing by Connor Carrick.
15:05 of 1st period - Gabriel Fortier wins face-off versus Bobby Brink in Devils zone.
15:24 of 1st period - Off-side.
15:25 of 1st period - Hugh McGing wins face-off versus Cole Schwindt in neutral zone.
15:35 of 1st period - Icing by Nick DeSimone.
15:36 of 1st period - Cole Schwindt wins face-off versus Artyom Anisimov in Devils zone.
16:43 of 1st period - Shot by Arshdeep Bains.
16:43 of 1st period - Stopped by Clay Stevenson without a rebound.
16:44 of 1st period - Hugh McGing wins face-off versus Mark Kastelic in Thunderbirds zone.
17:21 of 1st period - Shot by James Malatesta.
17:21 of 1st period - Deflect By Hugh McGing.
17:21 of 1st period - Shot Blocked by Connor Carrick.
18:00 of 1st period - Hugh McGing is hit by Alex Limoges and loses puck.
18:06 of 1st period - Minor Penalty to Calen Addison for High sticking.
18:07 of 1st period - Lukas Reichel wins face-off versus Adam Erne in Devils zone.
18:07 of 1st period - Lukas Reichel is hit by Christian Wolanin.
18:28 of 1st period - Lukas Reichel is hit by Christian Wolanin and loses puck.
18:42 of 1st period - Minor Penalty to Christian Wolanin for High sticking.
18:43 of 1st period - Alex Limoges wins face-off versus Lukas Reichel in Devils zone.
19:08 of 1st period - Shot by AJ Greer.
19:08 of 1st period - Shot Misses the Net.
19:10 of 1st period - Shot by AJ Greer.
19:10 of 1st period - Deflect By Lukas Reichel.
19:10 of 1st period - Shot Blocked by Sebastian AhoD.
19:12 of 1st period - Shot by Uvis Balinskis.
19:12 of 1st period - Shot Blocked by Kale Clague.
19:36 of 1st period - Shot by Arshdeep Bains.
19:36 of 1st period - Stopped by Clay Stevenson without a rebound.
19:37 of 1st period - Alex Limoges wins face-off versus Jasper Weatherby in Thunderbirds zone.
19:54 of 1st period - Jasper Weatherby is hit by Nick DeSimone and loses puck.
Goals for this period are 0 for Thunderbirds vs 0 for Devils.
Shots for this period are 4 for Thunderbirds vs 6 for Devils.
2nd period
0:01 of 2nd period - Alex Limoges wins face-off versus Lukas Reichel in neutral zone.
0:16 of 2nd period - Shot by Lukas Reichel.
0:16 of 2nd period - Stopped by Joel Blomqvist without a rebound.
0:17 of 2nd period - Mark Kastelic wins face-off versus Hugh McGing in Devils zone.
0:17 of 2nd period - Mark Kastelic is hit by James Malatesta.
0:35 of 2nd period - Shot by James Malatesta.
0:35 of 2nd period - Shot Misses the Net.
1:08 of 2nd period - Minor Penalty to AJ Greer for Interference.
1:09 of 2nd period - Alex Limoges wins face-off versus Artyom Anisimov in Thunderbirds zone.
1:12 of 2nd period - Shot by Arshdeep Bains.
1:12 of 2nd period - Shot Blocked by Oliver Kylington.
1:16 of 2nd period - Shot by Cole Schwindt.
1:16 of 2nd period - Deflect By Alex Limoges.
1:16 of 2nd period - Goal by Alex Limoges - Thunderbirds : 0 - Devils : 1.
1:17 of 2nd period - Hugh McGing wins face-off versus Alex Limoges in neutral zone.
1:22 of 2nd period - Shot by Tyson Jost.
1:22 of 2nd period - Stopped by Joel Blomqvist without a rebound.
1:23 of 2nd period - Jimmy Huntington wins face-off versus Jackson Cates in Devils zone.
1:27 of 2nd period - Sebastian AhoD is hit by Vincent Iorio.
1:32 of 2nd period - Zach Aston-Reese is hit by Vincent Iorio and loses puck.
1:39 of 2nd period - Shot by Jimmy Huntington.
1:39 of 2nd period - Shot Misses the Net.
1:41 of 2nd period - Shot by Zach Aston-Reese.
1:41 of 2nd period - Stopped by Clay Stevenson with a rebound.
1:43 of 2nd period - Shot by Jimmy Huntington.
1:43 of 2nd period - Stopped by Clay Stevenson without a rebound.
1:44 of 2nd period - AJ Greer wins face-off versus Alex Limoges in Thunderbirds zone.
2:38 of 2nd period - Off-side.
2:39 of 2nd period - Jimmy Huntington wins face-off versus Hugh McGing in neutral zone.
2:44 of 2nd period - Shot by Matt Luff.
2:44 of 2nd period - Deflect By Jimmy Huntington.
2:44 of 2nd period - Stopped by Clay Stevenson without a rebound.
2:45 of 2nd period - Hugh McGing wins face-off versus Jimmy Huntington in Thunderbirds zone.
2:55 of 2nd period - Icing by Hugh McGing.
2:56 of 2nd period - Hugh McGing wins face-off versus Mark Kastelic in Thunderbirds zone.
2:56 of 2nd period - Hugh McGing is hit by Mark Kastelic.
3:19 of 2nd period - Shot by Jakob Pelletier.
3:19 of 2nd period - Shot Hit the Post.
3:20 of 2nd period - Minor Penalty to Mark Kastelic for Slashing.
3:21 of 2nd period - Cole Schwindt wins face-off versus Lukas Reichel in Devils zone.
3:29 of 2nd period - Icing by Jacob Lucchini.
3:30 of 2nd period - Lukas Reichel wins face-off versus Cole Schwindt in Thunderbirds zone.
3:30 of 2nd period - Lukas Reichel is hit by Cole Schwindt.
3:37 of 2nd period - Off-side.
3:38 of 2nd period - Cole Schwindt wins face-off versus Hugh McGing in neutral zone.
3:41 of 2nd period - James Malatesta is hit by Cole Schwindt and loses puck.
3:56 of 2nd period - Shot by Vincent Iorio.
3:56 of 2nd period - Stopped by Joel Blomqvist without a rebound.
3:57 of 2nd period - Lukas Reichel wins face-off versus Cole Schwindt in Devils zone.
4:02 of 2nd period - Shot by Uvis Balinskis.
4:02 of 2nd period - Shot Misses the Net.
4:04 of 2nd period - Shot by Oliver Kylington.
4:04 of 2nd period - Shot Misses the Net.
4:45 of 2nd period - Icing by James Malatesta.
4:46 of 2nd period - Alex Limoges wins face-off versus Hugh McGing in Thunderbirds zone.
5:26 of 2nd period - Off-side.
5:27 of 2nd period - Jimmy Huntington wins face-off versus Lukas Reichel in neutral zone.
5:41 of 2nd period - Shot by Zach Aston-Reese.
5:41 of 2nd period - Deflect By Matt Luff.
5:41 of 2nd period - Stopped by Clay Stevenson without a rebound.
5:42 of 2nd period - Artyom Anisimov wins face-off versus Mark Kastelic in Thunderbirds zone.
5:46 of 2nd period - Minor Penalty to Mark Kastelic for Roughing.
5:47 of 2nd period - Lukas Reichel wins face-off versus Cole Schwindt in Devils zone.
5:48 of 2nd period - Shot by AJ Greer.
5:48 of 2nd period - Deflect By Jacob Lucchini.
5:48 of 2nd period - Shot Blocked by Calen Addison.
6:13 of 2nd period - Minor Penalty to Vincent Iorio for Hooking.
6:14 of 2nd period - Adam Erne wins face-off versus Hugh McGing in Thunderbirds zone.
6:21 of 2nd period - Shot by Christian Wolanin.
6:21 of 2nd period - Stopped by Clay Stevenson without a rebound.
6:22 of 2nd period - Adam Erne wins face-off versus Hugh McGing in Thunderbirds zone.
6:58 of 2nd period - Icing by Marc Del Gaizo.
6:59 of 2nd period - Hugh McGing wins face-off versus Cole Schwindt in Thunderbirds zone.
7:11 of 2nd period - Cole Schwindt is hit by Marc Del Gaizo.
7:15 of 2nd period - Shot by Arshdeep Bains.
7:15 of 2nd period - Shot Misses the Net.
7:19 of 2nd period - Shot by Cole Schwindt.
7:19 of 2nd period - Stopped by Clay Stevenson with a rebound.
7:50 of 2nd period - Icing by Sebastian AhoD.
7:51 of 2nd period - Mark Kastelic wins face-off versus James Malatesta in Devils zone.
8:24 of 2nd period - Shot by Jimmy Huntington.
8:24 of 2nd period - Shot Blocked by Vincent Iorio.
8:26 of 2nd period - Shot by Matt Luff.
8:26 of 2nd period - Shot Blocked by Adam Wilsby.
8:28 of 2nd period - Shot by Nick DeSimone.
8:28 of 2nd period - Stopped by Clay Stevenson without a rebound.
8:29 of 2nd period - Bobby Brink wins face-off versus Artyom Anisimov in Thunderbirds zone.
8:36 of 2nd period - Shot by Bobby Brink.
8:36 of 2nd period - Shot Misses the Net.
8:50 of 2nd period - Sebastian AhoD is hit by Jackson Cates.
8:51 of 2nd period - Minor Penalty to Calen Addison for Roughing.
8:52 of 2nd period - Mark Kastelic wins face-off versus James Malatesta in Devils zone.
9:05 of 2nd period - Shot by Adam Wilsby.
9:05 of 2nd period - Shot Misses the Net.
10:14 of 2nd period - Minor Penalty to Lukas Reichel for Tripping.
10:15 of 2nd period - Adam Erne wins face-off versus Jasper Weatherby in Thunderbirds zone.
10:28 of 2nd period - Shot by AJ Greer.
10:28 of 2nd period - Shot Blocked by Sebastian AhoD.
10:31 of 2nd period - Icing by Nick DeSimone.
10:32 of 2nd period - Jasper Weatherby wins face-off versus Adam Erne in Devils zone.
11:02 of 2nd period - Off-side.
11:03 of 2nd period - Jasper Weatherby wins face-off versus Alex Limoges in neutral zone.
11:47 of 2nd period - Shot by Calen Addison.
11:47 of 2nd period - Stopped by Clay Stevenson without a rebound.
11:48 of 2nd period - Jackson Cates wins face-off versus Alex Limoges in Thunderbirds zone.
12:07 of 2nd period - Shot by Calen Addison.
12:07 of 2nd period - Stopped by Clay Stevenson with a rebound.
12:09 of 2nd period - Shot by Sebastian AhoD.
12:09 of 2nd period - Shot Misses the Net.
12:11 of 2nd period - Shot by Calen Addison.
12:11 of 2nd period - Stopped by Clay Stevenson without a rebound.
12:12 of 2nd period - Mark Kastelic wins face-off versus Artyom Anisimov in Thunderbirds zone.
12:13 of 2nd period - Shot by Christian Wolanin.
12:13 of 2nd period - Stopped by Clay Stevenson without a rebound.
12:14 of 2nd period - Hugh McGing wins face-off versus Jimmy Huntington in Thunderbirds zone.
12:35 of 2nd period - Shot by Zach Aston-Reese.
12:35 of 2nd period - Stopped by Clay Stevenson without a rebound.
12:36 of 2nd period - Mark Kastelic wins face-off versus Lukas Reichel in Thunderbirds zone.
13:31 of 2nd period - Minor Penalty to Adam Erne for Tripping.
13:31 of 2nd period - Minor Penalty to James Malatesta for Roughing.
13:32 of 2nd period - William Lockwood wins face-off versus Artyom Anisimov in neutral zone.
13:38 of 2nd period - William Lockwood is hit by Vincent Iorio and loses puck.
13:56 of 2nd period - Shot by Calen Addison.
13:56 of 2nd period - Deflect By William Lockwood.
13:56 of 2nd period - Stopped by Clay Stevenson without a rebound.
13:57 of 2nd period - Cole Schwindt wins face-off versus Hugh McGing in Thunderbirds zone.
15:18 of 2nd period - Shot by Alex Limoges.
15:18 of 2nd period - Shot Misses the Net.
15:20 of 2nd period - Shot by Alex Limoges.
15:20 of 2nd period - Shot Misses the Net.
15:42 of 2nd period - Shot by Zach Aston-Reese.
15:42 of 2nd period - Deflect By Jimmy Huntington.
15:42 of 2nd period - Stopped by Clay Stevenson without a rebound.
15:43 of 2nd period - Jimmy Huntington wins face-off versus James Malatesta in Thunderbirds zone.
15:58 of 2nd period - Shot by Matt Luff.
15:58 of 2nd period - Stopped by Clay Stevenson without a rebound.
15:59 of 2nd period - Alex Limoges wins face-off versus Artyom Anisimov in Thunderbirds zone.
16:02 of 2nd period - Shot by Arshdeep Bains.
16:02 of 2nd period - Stopped by Clay Stevenson without a rebound.
16:03 of 2nd period - Artyom Anisimov wins face-off versus Jimmy Huntington in Thunderbirds zone.
16:11 of 2nd period - Shot by Artyom Anisimov.
16:11 of 2nd period - Shot Blocked by Kale Clague.
16:13 of 2nd period - Shot by Vincent Iorio.
16:13 of 2nd period - Shot Misses the Net.
16:59 of 2nd period - Icing by Vincent Iorio.
17:00 of 2nd period - Alex Limoges wins face-off versus Artyom Anisimov in Thunderbirds zone.
17:04 of 2nd period - Icing by Adam Wilsby.
17:05 of 2nd period - Alex Limoges wins face-off versus Artyom Anisimov in Thunderbirds zone.
17:26 of 2nd period - Shot by James Malatesta.
17:26 of 2nd period - Shot Misses the Net.
17:28 of 2nd period - Shot by Tyson Jost.
17:28 of 2nd period - Shot Misses the Net.
17:30 of 2nd period - Shot by Marc Del Gaizo.
17:30 of 2nd period - Shot Misses the Net.
17:32 of 2nd period - Shot by Tyson Jost.
17:32 of 2nd period - Shot Misses the Net.
17:34 of 2nd period - Shot by Tyson Jost.
17:34 of 2nd period - Stopped by Joel Blomqvist with a rebound.
17:38 of 2nd period - Shot by Hugh McGing.
17:38 of 2nd period - Stopped by Joel Blomqvist without a rebound.
17:39 of 2nd period - AJ Greer wins face-off versus Mark Kastelic in Devils zone.
17:49 of 2nd period - Shot by Mark Kastelic.
17:49 of 2nd period - Shot Misses the Net.
17:51 of 2nd period - Shot by Connor Carrick.
17:51 of 2nd period - Shot Misses the Net.
18:00 of 2nd period - Mark Kastelic is hit by Uvis Balinskis and loses puck.
18:10 of 2nd period - Jakob Pelletier is hit by Oliver Kylington and loses puck.
18:13 of 2nd period - Shot by Zach Aston-Reese.
18:13 of 2nd period - Deflect By Jakob Pelletier.
18:13 of 2nd period - Shot Blocked by Oliver Kylington.
18:14 of 2nd period - Minor Penalty to Uvis Balinskis for Cross-checking.
18:15 of 2nd period - Alex Limoges wins face-off versus Artyom Anisimov in Thunderbirds zone.
18:20 of 2nd period - Shot by Arshdeep Bains.
18:20 of 2nd period - Stopped by Clay Stevenson without a rebound.
18:21 of 2nd period - Artyom Anisimov wins face-off versus Cole Schwindt in Thunderbirds zone.
18:21 of 2nd period - Artyom Anisimov is hit by Cole Schwindt.
18:41 of 2nd period - Shot by Calen Addison.
18:41 of 2nd period - Stopped by Clay Stevenson with a rebound.
19:01 of 2nd period - Shot by Cole Schwindt.
19:01 of 2nd period - Shot Blocked by Oliver Kylington.
19:48 of 2nd period - Shot by Calen Addison.
19:48 of 2nd period - Stopped by Clay Stevenson without a rebound.
19:49 of 2nd period - Alex Limoges wins face-off versus Artyom Anisimov in Thunderbirds zone.
Goals for this period are 0 for Thunderbirds vs 1 for Devils.
Shots for this period are 5 for Thunderbirds vs 20 for Devils.
3rd period
0:01 of 3rd period - Alex Limoges wins face-off versus Artyom Anisimov in neutral zone.
0:11 of 3rd period - Icing by Sebastian AhoD.
0:12 of 3rd period - Alex Limoges wins face-off versus Artyom Anisimov in Devils zone.
0:20 of 3rd period - Icing by Marc Del Gaizo.
0:21 of 3rd period - Hugh McGing wins face-off versus Cole Schwindt in Thunderbirds zone.
0:21 of 3rd period - Hugh McGing is hit by Matt Luff.
0:42 of 3rd period - Shot by Tyson Jost.
0:42 of 3rd period - Shot Misses the Net.
1:29 of 3rd period - Shot by AJ Greer.
1:29 of 3rd period - Shot Misses the Net.
1:31 of 3rd period - Shot by Adam Wilsby.
1:31 of 3rd period - Shot Misses the Net.
1:37 of 3rd period - Shot by Lukas Reichel.
1:37 of 3rd period - Goal by Lukas Reichel - Thunderbirds : 1 - Devils : 1.
1:38 of 3rd period - Artyom Anisimov wins face-off versus Mark Kastelic in neutral zone.
2:23 of 3rd period - Gabriel Fortier is hit by Kale Clague and loses puck.
2:33 of 3rd period - Shot by Bobby Brink.
2:33 of 3rd period - Shot Misses the Net.
2:35 of 3rd period - Shot by Alex Limoges.
2:35 of 3rd period - Stopped by Clay Stevenson without a rebound.
2:36 of 3rd period - Alex Limoges wins face-off versus Hugh McGing in Thunderbirds zone.
2:42 of 3rd period - Icing by Vincent Iorio.
2:43 of 3rd period - Alex Limoges wins face-off versus Hugh McGing in Thunderbirds zone.
3:07 of 3rd period - Alex Limoges is hit by Vincent Iorio and loses puck.
3:34 of 3rd period - Shot by Jakob Pelletier.
3:34 of 3rd period - Shot Misses the Net.
3:36 of 3rd period - Shot by Zach Aston-Reese.
3:36 of 3rd period - Stopped by Clay Stevenson without a rebound.
3:37 of 3rd period - Lukas Reichel wins face-off versus Jimmy Huntington in Thunderbirds zone.
4:44 of 3rd period - Shot by Bobby Brink.
4:44 of 3rd period - Stopped by Clay Stevenson without a rebound.
4:45 of 3rd period - Mark Kastelic wins face-off versus Hugh McGing in Thunderbirds zone.
4:46 of 3rd period - Shot by Jakob Pelletier.
4:46 of 3rd period - Shot Misses the Net.
6:57 of 3rd period - Shot by Adam Erne.
6:57 of 3rd period - Shot Blocked by Uvis Balinskis.
7:07 of 3rd period - Shot by Matt Luff.
7:07 of 3rd period - Shot Misses the Net.
7:11 of 3rd period - Shot by Cole Schwindt.
7:11 of 3rd period - Stopped by Clay Stevenson without a rebound.
7:12 of 3rd period - Hugh McGing wins face-off versus Cole Schwindt in Thunderbirds zone.
7:12 of 3rd period - Adam Wilsby is hit by Cole Schwindt and loses puck.
7:16 of 3rd period - Vincent Iorio is hit by Adam Erne and loses puck.
7:28 of 3rd period - Minor Penalty to Matt Luff for Slashing.
7:29 of 3rd period - Hugh McGing wins face-off versus Mark Kastelic in Devils zone.
8:46 of 3rd period - Icing by Lukas Rousek.
8:47 of 3rd period - Hugh McGing wins face-off versus Nathan Smith in Thunderbirds zone.
8:47 of 3rd period - Hugh McGing is hit by Adam Erne.
8:54 of 3rd period - Icing by Gabriel Fortier.
8:55 of 3rd period - Mark Kastelic wins face-off versus Hugh McGing in Thunderbirds zone.
11:10 of 3rd period - Sebastian AhoD is hit by Oliver Kylington.
11:25 of 3rd period - Zach Aston-Reese is hit by Oliver Kylington and loses puck.
11:34 of 3rd period - Shot by Jakob Pelletier.
11:34 of 3rd period - Shot Misses the Net.
11:57 of 3rd period - Shot by Bobby Brink.
11:57 of 3rd period - Shot Misses the Net.
11:59 of 3rd period - Shot by Bobby Brink.
11:59 of 3rd period - Stopped by Clay Stevenson without a rebound.
12:00 of 3rd period - James Malatesta wins face-off versus Alex Limoges in Thunderbirds zone.
12:00 of 3rd period - James Malatesta is hit by Alex Limoges.
12:05 of 3rd period - Minor Penalty to Alex Limoges for Tripping.
12:06 of 3rd period - Hugh McGing wins face-off versus Mark Kastelic in Devils zone.
12:15 of 3rd period - Shot by James Malatesta.
12:15 of 3rd period - Stopped by Joel Blomqvist with a rebound.
12:21 of 3rd period - Shot by Hugh McGing.
12:21 of 3rd period - Stopped by Joel Blomqvist with a rebound.
12:23 of 3rd period - Shot by Vincent Iorio.
12:23 of 3rd period - Stopped by Joel Blomqvist without a rebound.
12:24 of 3rd period - Cole Schwindt wins face-off versus Hugh McGing in Devils zone.
14:01 of 3rd period - Off-side.
14:02 of 3rd period - Hugh McGing wins face-off versus Cole Schwindt in neutral zone.
14:07 of 3rd period - Shot by Gabriel Fortier.
14:07 of 3rd period - Shot Misses the Net.
15:02 of 3rd period - Icing by Adam Wilsby.
15:03 of 3rd period - Mark Kastelic wins face-off versus Hugh McGing in Thunderbirds zone.
15:04 of 3rd period - Shot by Jakob Pelletier.
15:04 of 3rd period - Deflect By Mark Kastelic.
15:04 of 3rd period - Stopped by Clay Stevenson with a rebound.
15:22 of 3rd period - Shot by Mark Kastelic.
15:22 of 3rd period - Stopped by Clay Stevenson with a rebound.
16:00 of 3rd period - Shot by Alex Limoges.
16:00 of 3rd period - Deflect By Arshdeep Bains.
16:00 of 3rd period - Shot Misses the Net.
16:03 of 3rd period - Icing by Jacob Lucchini.
16:04 of 3rd period - Cole Schwindt wins face-off versus Lukas Reichel in Thunderbirds zone.
16:51 of 3rd period - Bobby Brink is hit by AJ Greer.
17:55 of 3rd period - Shot by Jakob Pelletier.
17:55 of 3rd period - Stopped by Clay Stevenson with a rebound.
17:57 of 3rd period - Shot by Connor Carrick.
17:57 of 3rd period - Shot Misses the Net.
18:31 of 3rd period - Tyson Jost is hit by Nick DeSimone and loses puck.
18:37 of 3rd period - Minor Penalty to Kale Clague for Delaying the game.
18:38 of 3rd period - Alex Limoges wins face-off versus Hugh McGing in Devils zone.
18:38 of 3rd period - Alex Limoges is hit by James Malatesta.
18:44 of 3rd period - Artyom Anisimov is hit by Alex Limoges and loses puck.
19:01 of 3rd period - Shot by James Malatesta.
19:01 of 3rd period - Goal by James Malatesta - Thunderbirds : 2 - Devils : 1.
19:02 of 3rd period - Artyom Anisimov wins face-off versus Bobby Brink in neutral zone.
19:14 of 3rd period - Icing by Alex Limoges.
19:15 of 3rd period - Alex Limoges wins face-off versus Jasper Weatherby in Devils zone.
19:15 of 3rd period - Alex Limoges is hit by Jasper Weatherby.
19:20 of 3rd period - Bobby Brink is hit by James Malatesta.
19:22 of 3rd period - Devils, Joel Blomqvist is pulled from the net.
19:26 of 3rd period - Shot by Alex Limoges.
19:26 of 3rd period - Shot Blocked by Vincent Iorio.
19:28 of 3rd period - Shot by Calen Addison.
19:28 of 3rd period - Stopped by Clay Stevenson with a rebound.
19:30 of 3rd period - Shot by Sebastian AhoD.
19:30 of 3rd period - Shot Misses the Net.
19:32 of 3rd period - Shot by Sebastian AhoD.
19:32 of 3rd period - Shot Misses the Net.
19:48 of 3rd period - Shot by Lukas Rousek.
19:48 of 3rd period - Goal by Lukas Rousek - Thunderbirds : 3 - Devils : 1.
19:48 of 3rd period - Joel Blomqvist from Devils was sent back in the game.
19:49 of 3rd period - Cole Schwindt wins face-off versus Artyom Anisimov in neutral zone.
19:59 of 3rd period - Icing by Jackson Cates.
Goals for this period are 3 for Thunderbirds vs 0 for Devils.
Shots for this period are 6 for Thunderbirds vs 9 for Devils.
Back to the Top